 Dungeon Crawl Stone Soup version 0.27.0-66-gdc8fb28755 (webtiles) character file.

Game seed: 11986967744271757054

305 Malachi the Shield-Bearer (level 6, 0/51 HPs)
             Began as a Gnoll Wanderer on Aug 20, 2021.
             Was a Priest of Lugonu.
             Slain by a river rat (4 damage)
             ... summoned by Eustachio
             ... on level 4 of the Dungeon.
             The game lasted 00:04:51 (4302 turns).

Malachi the Shield-Bearer (Gnoll Wanderer)          Turns: 4302, Time: 00:04:52

Health: 0/51       AC: 12    Str: 10    XL:     6   Next: 39%
Magic:  9/9        EV:  5    Int: 12    God:    Lugonu [***...]
Gold:   177        SH:  0    Dex: 14    Spells: 9/9 levels left

rFire    . . .     SeeInvis .   j - +0 dire flail (vorpal)
rCold    . . .     Faith    .   (shield currently unavailable)
rNeg     . . .     Spirit   .   m - +1 chain mail {Will+}
rPois    .         Reflect  .   (no helmet)
rElec    .         Harm     .   h - +0 cloak
rCorr    .         Rampage  .   (no gloves)
Will     +....                  (no boots)
Stlth    ..........             (no amulet)
HPRegen  0.17/turn              (no ring)
MPRegen  0.11/turn              (no ring)

@: mighty
A: fangs 1, strong nose, distributed training
a: Renounce Religion, Depart the Abyss, Bend Space, Banish


You were on level 4 of the Dungeon.
You worshipped Lugonu.
Lugonu was most pleased with you.
You visited 1 branch of the dungeon, and saw 4 of its levels.

You collected 177 gold pieces.

Inventory:

Hand Weapons
 a - a +2 short sword
 b - a +2 short sword of freezing
 d - a +0 dagger
 j - a +0 vorpal dire flail (weapon)
 n - a +2 short sword of draining
 o - a +0 hunting sling
Missiles
 p - 79 stones (quivered)
 q - 39 arrows
 r - 5 datura-tipped darts
Armour
 c - a +0 ring mail
 h - a +0 cloak (worn)
 m - a +1 chain mail of willpower (worn)
Scrolls
 i - a scroll of amnesia
 s - a scroll of blinking
 u - a scroll of teleportation
Potions
 f - a potion of haste
 g - a potion of curing
 k - a potion of lignification
 t - 2 potions of attraction {unknown}


   Skills:
 + Level 5.0 Fighting
 + Level 3.2 Short Blades
 + Level 2.0 Long Blades
 + Level 2.0 Axes
 + Level 2.0 Maces & Flails
 + Level 2.0 Polearms
 + Level 2.0 Staves
 + Level 2.0 Slings
 + Level 2.0 Bows
 + Level 3.2 Crossbows
 + Level 2.0 Throwing
 + Level 5.0 Armour
 + Level 2.0 Dodging
 + Level 4.6 Stealth
 + Level 5.0 Shields
 + Level 2.0 Unarmed Combat
 + Level 2.0 Spellcasting
 + Level 1.5 Conjurations
 + Level 1.5 Hexes
 + Level 1.5 Summonings
 + Level 1.5 Necromancy
 + Level 1.5 Translocations
 + Level 1.5 Transmutations
 + Level 1.5 Fire Magic
 + Level 1.5 Ice Magic
 + Level 1.5 Air Magic
 + Level 1.5 Earth Magic
 + Level 1.5 Poison Magic
 + Level 2.1 Invocations
 + Level 2.0 Evocations


You had 9 spell levels left.
You didn't know any spells.
Your spell library was empty.

Dungeon Overview and Level Annotations

Branches:
Dungeon (4/15)             Temple (0/1) D:4

Altars:
Ashenzari
Lugonu

Shops:
D:3 [

Annotations:
D:4 Eustachio


Innate Abilities, Weirdness & Mutations

You have very sharp teeth.
Your uncanny sense of smell can sniff out nearby items.
Your experience applies equally to all skills.


Message History

You are too injured to fight recklessly!
You are too injured to fight recklessly!
You are too injured to fight recklessly!
You are too injured to fight recklessly!
You barely miss the rat.
The rat bites you but does no damage. x3
You sock the rat!
You kill the rat!
The rat's corpse disappears in a puff of smoke!
The rat barely misses you. The rat bites you but does no damage.
The river rat bites you but does no damage.
You closely miss Eustachio.
Eustachio is heavily wounded.
Eustachio gestures wildly while chanting.
The rat bites you. The river rat barely misses you.
You closely miss Eustachio.
Eustachio is heavily wounded.
The rat disappears in a puff of smoke!
Eustachio zaps a wand.
You resist with almost no effort.
The now-empty wand crumbles to dust.
The river rat bites you!
You barely miss Eustachio.
Eustachio is heavily wounded.
Eustachio gestures wildly while chanting.
Eustachio blinks!
The rat barely misses you.
The river rat bites you but does no damage.
You impale the quokka!!
You kill the quokka!
The quokka's corpse disappears in a puff of smoke!
The rat barely misses you. The river rat bites you.
* * * LOW HITPOINT WARNING * * *
The rat bites you but does no damage.
You barely miss the river rat. The river rat bites you.
* * * LOW HITPOINT WARNING * * *
The rat bites you.
* * * LOW HITPOINT WARNING * * *
The river rat bites you.
* * * LOW HITPOINT WARNING * * *
You closely miss the river rat. The rat bites you.
* * * LOW HITPOINT WARNING * * *
The river rat bites you.
You die...

#.... #..## ..#
....###..## ###.$..
#.......##......#
#........<..# ∆
#.##....#..##
#..#####.# # #@.# #.#
... ####rr# ..###
....##..#@## #....##
.........#†####.......#
..#....r...#.........^#
##..@##..............
#..# ###............
##r ##........... ..
#####......P.P ..@
#....[....##. ..
.....(...#..P#


You could see Eustachio, a river rat (summoned) and a rat (summoned).

Vanquished Creatures
  Edmund (D:4)
  A water moccasin skeleton (D:4)
  6 adders
  An ufetubus (D:4)
  A worm (D:3)
  2 dart slugs
  4 orcs (D:3)
  3 bats
  7 endoplasms
  3 giant cockroaches
  4 goblins
  9 hobgoblins
  2 jackals (D:2)
  3 quokkas
  4 ball pythons
  2 frilled lizards (D:3)
  8 kobolds
  11 rats
72 creatures vanquished.

Notes
Turn   | Place    | Note
-------+----------+-------------------------------------------
     0 | D:1      | Malachi the Gnoll Wanderer began the quest for the Orb.
     0 | D:1      | Malachi set off with the following items: a +2 short sword,
                  | a potion of curing, a +0 ring mail, a +0 dagger
     0 | D:1      | Reached XP level 1. HP: 20/20 MP: 1/1
   510 | D:1      | Reached XP level 2. HP: 15/26 MP: 2/2
   849 | D:1      | Found a faded altar of an unknown god.
  1011 | D:1      | Became a worshipper of Lugonu the Unformed
  1011 | D:1      | Reached * piety under Lugonu
  1011 | D:1      | Reached ** piety under Lugonu
  1198 | D:1      | Reached XP level 3. HP: 31/31 MP: 3/3
  1457 | D:2      | Found a broken altar of Ashenzari.
  1591 | D:2      | Reached skill level 1 in Invocations
  1797 | D:2      | Reached skill level 1 in Long Blades
  1797 | D:2      | Reached skill level 1 in Axes
  1797 | D:2      | Reached skill level 1 in Maces & Flails
  1797 | D:2      | Reached skill level 1 in Polearms
  1797 | D:2      | Reached skill level 1 in Staves
  1797 | D:2      | Reached skill level 1 in Slings
  1797 | D:2      | Reached skill level 1 in Bows
  1797 | D:2      | Reached skill level 1 in Throwing
  1797 | D:2      | Reached skill level 1 in Dodging
  1797 | D:2      | Reached skill level 1 in Unarmed Combat
  1797 | D:2      | Reached skill level 1 in Spellcasting
  1797 | D:2      | Reached skill level 1 in Evocations
  2175 | D:2      | Reached XP level 4. HP: 37/38 MP: 5/5
  3152 | D:3      | Reached skill level 1 in Conjurations
  3152 | D:3      | Reached skill level 1 in Hexes
  3152 | D:3      | Reached skill level 1 in Summonings
  3152 | D:3      | Reached skill level 1 in Necromancy
  3152 | D:3      | Reached skill level 1 in Translocations
  3152 | D:3      | Reached skill level 1 in Transmutations
  3152 | D:3      | Reached skill level 1 in Fire Magic
  3152 | D:3      | Reached skill level 1 in Ice Magic
  3152 | D:3      | Reached skill level 1 in Air Magic
  3152 | D:3      | Reached skill level 1 in Earth Magic
  3152 | D:3      | Reached skill level 1 in Poison Magic
  3170 | D:3      | Reached *** piety under Lugonu
  3402 | D:3      | Reached XP level 5. HP: 31/42 MP: 6/6
  3871 | D:3      | Found Qufisun's Armour Shop.
  4219 | D:4      | Found a staircase to the Ecumenical Temple.
  4219 | D:4      | Noticed Edmund
  4235 | D:4      | Killed Edmund
  4236 | D:4      | Reached skill level 5 in Fighting
  4236 | D:4      | Reached skill level 5 in Armour
  4236 | D:4      | Reached skill level 5 in Shields
  4236 | D:4      | Reached XP level 6. HP: 51/51 MP: 8/8
  4269 | D:4      | Noticed Eustachio
  4302 | D:4      | Slain by a river rat

Illustrated notes

Levels and vault maps discovered:
D:1:      matt_arrival_spirals, layout_basic,
          hellmonk_ecumenical_altar_heavens_door
D:2:      layout_loops_corners, basic_altar, chequers_serial_rivers_micro_c,
          kennysheep_generic_room_3
D:3:      layout_loops_ring, serial_shops, nicolae_diamond_shop,
          minmay_fractal_squares_gapless_5
D:4:      layout_cave_pools, minmay_temple_entry_gardened_gates,
          portal_sewer_entry_a, st_stairs_6, uniq_edmund, uniq_eustachio

Skill      XL: |  1  2  3  4  5  6 |
---------------+-------------------+-----
Invocations    | 1 2 |  2.1
Long Blades    | 1 2 |  2.0
Axes           | 1 2 |  2.0
Maces & Flails | 1 2 |  2.0
Polearms       | 1 2 |  2.0
Staves         | 1 2 |  2.0
Slings         | 1 2 |  2.0
Bows           | 1 2 |  2.0
Throwing       | 1 2 |  2.0
Dodging        | 1 2 |  2.0
Unarmed Combat | 1 2 |  2.0
Spellcasting   | 1 2 |  2.0
Evocations     | 1 2 |  2.0
Conjurations   | 1 |  1.5
Hexes          | 1 |  1.5
Summonings     | 1 |  1.5
Necromancy     | 1 |  1.5
Translocations | 1 |  1.5
Transmutations | 1 |  1.5
Fire Magic     | 1 |  1.5
Ice Magic      | 1 |  1.5
Air Magic      | 1 |  1.5
Earth Magic    | 1 |  1.5
Poison Magic   | 1 |  1.5
Short Blades   | 3 |  3.2
Crossbows      | 3 |  3.2
Fighting       | 5 |  5.0
Armour         | 5 |  5.0
Shields        | 5 |  5.0
Stealth        | |  4.6

Action                   |  1- 3 |  4- 6 || total
-------------------------+-------+-------++-------
Melee: Short sword       |    86 |   121 ||   207
       Bite              |     9 |     8 ||    17
       Dire flail        |       |    26 ||    26
  Use: Potion            |     1 |     3 ||     4
       Scroll            |     2 |     8 ||    10
 Stab: Sleeping          |     5 |     2 ||     7
Armor: Ring mail         |    21 |    25 ||    46
       Chain mail        |       |    45 ||    45
Dodge: Dodged            |    44 |    58 ||   102
